 Dungeon Crawl Stone Soup version 0.30.1-11-g7821555f0a (webtiles) character file.

Game seed: 17765799931276575668

487 bnorton916 the Magician (level 6, -8/32 HPs)
             Began as a Deep Elf Fire Elementalist on Nov 28, 2023.
             Was an Initiate of Gozag.
             Shot with an arrow by a centaur (10 damage)
             ... on level 5 of the Dungeon.
             The game lasted 00:09:36 (7290 turns).

bnorton916 the Magician (DEFE)                      Turns: 7290, Time: 00:09:37

Health: -8/32      AC:  4    Str:  5    XL:     6   Next: 89%
Magic:  15/17      EV: 12    Int: 22    God:    Gozag
Gold:   371        SH:  0    Dex: 15    Spells: 10/17 levels left

rFire   . . .        (no weapon)
rCold   . . .        (no shield)
rNeg    . . .        a - +0 robe
rPois   .            p - +0 helmet
rElec   .            (no cloak)
rCorr   .            (no gloves)
SInv    .            i - +0 pair of boots
Will    .....        (no amulet)
Stlth   ++           (no ring)
HPRegen 0.25/turn    (no ring)
MPRegen 0.15/turn

%: no passive effects
@: no status effects
A: no striking features
a: Renounce Religion, Potion Petition, Call Merchant, Bribe Branch


You were on level 5 of the Dungeon.
You worshipped Gozag.
Gozag was aware of your devotion.
You visited 2 branches of the dungeon, and saw 6 of its levels.

You collected 459 gold pieces.
You spent 18 gold pieces at shops.
You paid 70 gold pieces to Gozag.

Inventory:

Hand Weapons
 j - a +1 lajatang
 u - a +1 dagger of venom
Armour
 a - a +0 robe (worn)
 e - an orb of light
 i - a +0 pair of boots (worn)
 l - a +2 buckler
 p - a +0 helmet (worn)
Scrolls
 k - a scroll of silence {unknown}
 n - 3 scrolls of teleportation
 o - a scroll of amnesia {unknown}
 q - a scroll of immolation {unknown}
 s - a scroll of fear {unknown}
 t - 3 scrolls of identify
Potions
 b - 4 potions of magic
 c - a potion of lignification
 d - 5 potions of mutation {unknown}
 f - a potion of invisibility {unknown}
 g - a potion of ambrosia {unknown}
 h - 4 potions of curing {unknown}
 m - 2 potions of flight {unknown}
 r - a potion of attraction {unknown}


   Skills:
 - Level 2.4 Dodging
 - Level 2.4 Stealth
 + Level 6.2 Spellcasting
 + Level 4.5 Conjurations
 + Level 3.6 Hexes
 - Level 4.5 Fire Magic


You had 10 spell levels left.
You knew the following spells:

 Your Spells              Type           Power      Damage    Failure   Level
a - Foxfire               Conj/Fire      100%       2x1d9     1%          1
b - Scorch                Fire           52%        2d7       1%          2
c - Fulminant Prism       Conj/Hex       12%        3d8       16%         4

Your spell library contained the following spells:

 Spells                   Type           Power      Damage    Failure   Level
 Shock                    Conj/Air       64%        1d7       3%          1
 Inner Flame              Hex/Fire       24%        N/A       4%          3
 Volatile Blastmotes      Fire/Tloc      32%        2d12      11%         3
 Flame Wave               Conj/Fire      26%        2d8       14%         4
 Ozocubu's Armour         Ice            6%         N/A       26%         3
 Swiftness                Air            6%         N/A       26%         3
 Iskenderun's Mystic Bla  Conj/Tloc      16%        2d5       34%         4
 Airstrike                Air            3%         2d(1-17)  65%         4
 Metabolic Englaciation   Hex/Ice        7%         N/A       75%         5
 Lee's Rapid Deconstruct  Erth           3%         3d5*      94%         5
 Simulacrum               Ice/Necr       Unusable   N/A       N/A         6

Dungeon Overview and Level Annotations

Branches:
Dungeon (5/15)             Temple (1/1) D:4

Altars:
Ashenzari
Cheibriados
Dithmenos
Fedhas
Gozag
Hepliaklqana
Kikubaaqudgha
Makhleb
Qazlal
Ru
Sif Muna
Vehumet
Wu Jian
Xom
Yredelemnul
The Shining One

Shops:
D:4 :*


Message History

HP restored.
You start waiting.
A ball python comes into view.
Casting: Foxfire (safe; 1% risk of failure)
Confirm with . or Enter, or press ? or * to list all spells.
You conjure some foxfire!
The ball python hisses angrily.
The foxfire hits the ball python.
The ball python is severely wounded.
The foxfire hits the ball python.
You kill the ball python!
Casting: Foxfire (safe; 1% risk of failure)
Confirm with . or Enter, or press ? or * to list all spells.
You conjure some foxfire!
Found a blackened fluorescent amulet.
Your foxfire dissipates!
You now have 366 gold pieces (gained 7).
Your foxfire dissipates!
There is a stone staircase leading up, spattered with blood here.
You now have 371 gold pieces (gained 5).
A centaur comes into view.
The centaur shouts!
The centaur wields a +0 shortbow.
The centaur shoots an arrow.
The arrow barely misses you.
The centaur shoots an arrow.
The arrow completely misses you.
Found 14 gold pieces.
The centaur shoots an arrow.
The arrow hits you!
You see here an amulet of guardian spirit.
The centaur shoots an arrow.
The arrow barely misses you.
Casting: Foxfire (safe; 1% risk of failure)
Confirm with . or Enter, or press ? or * to list all spells.
Flames lash the centaur.
The centaur is heavily wounded.
The centaur's fire resistance burns away.
The centaur shoots an arrow.
The arrow hits you!
The centaur shoots an arrow.
The arrow hits you!
* * * LOW HITPOINT WARNING * * *
The centaur shoots an arrow.
The arrow hits you!
You die...
Your body crumbles into a pile of gold.

+.... .....~~.~ ...
#...##....~~~~
##......##...##.....~~~
#............##........
#.....................
#............."....#
#......##..........#
##......##..........#
............@.......#
.......<.....##c...## $
.............##....#
.............#.......
...?.........#........
.............# .......
.............# ....
........##...#
........##...#


You could see a centaur (combustible).

Vanquished Creatures
  A scorpion (D:4)
  A howler monkey (D:4)
  A hound (D:4)
  An orc priest (D:3)
  3 iguanas
  A sleepcap (D:4)
  An orc wizard (D:3)
  Robin (D:2)
  4 gnolls (D:1)
  6 adders
  2 worms
  2 dart slugs
  2 orcs (D:3)
  8 ball pythons
  6 endoplasms
  3 giant cockroaches
  13 goblins
  10 hobgoblins
  5 jackals
  3 quokkas (D:4)
  8 bats
  3 frilled lizards (D:1)
  6 kobolds
  4 rats
95 creatures vanquished.

Vanquished Creatures (others)
  270 foxfires
  A fulminant prism (D:5)
271 creatures vanquished.

Grand Total: 366 creatures vanquished

Notes
Turn   | Place    | Note
-------+----------+-------------------------------------------
     0 | D:1      | bnorton916 the Deep Elf Fire Elementalist began the quest
                  | for the Orb.
     0 | D:1      | Reached XP level 1. HP: 10/10 MP: 6/6
   527 | D:1      | Reached XP level 2. HP: 15/15 MP: 6/8
   531 | D:1      | Learned a level 2 spell: Scorch
  1006 | D:1      | Reached XP level 3. HP: 19/19 MP: 7/10
  1316 | D:2      | Noticed Robin
  1447 | D:1      | Reached skill level 4 in Spellcasting
  1456 | D:1      | Reached XP level 4. HP: 7/24 MP: 1/12
  2704 | D:3      | Reached XP level 5. HP: 28/28 MP: 9/14
  2852 | D:3      | Learned a level 4 spell: Fulminant Prism
  2990 | D:3      | Identified the +4 plate armour of the Skies Above {rC+ rN+
                  | Slay+2}
  3716 | D:4      | Reached skill level 5 in Spellcasting
  3716 | D:4      | Reached skill level 1 in Hexes
  3914 | D:4      | Found Taot's Book Boutique.
  3927 | D:4      | Found a staircase to the Ecumenical Temple.
  3950 | Temple   | Entered the Ecumenical Temple
  4277 | Temple   | Became a worshipper of Gozag Ym Sagoz the Greedy
  4452 | D:4      | Reached XP level 6. HP: 26/32 MP: 7/16
  4959 | D:4      | Found Bukkat's CLEARANCE SALE!.
  4967 | D:4      | Bought a scroll of teleportation for 18 gold pieces
  6158 | D:2      | Killed Robin
  6549 | D:5      | Entered Level 5 of the Dungeon
  6582 | D:4      | Reached skill level 6 in Spellcasting
  7290 | D:5      | Shot with an arrow by a centaur

Illustrated notes

Levels and vault maps discovered:
D:1:      amcnicky_arrival_feature_with_door, layout_basic, minmay_tetromino_i4
D:2:      layout_rooms, minmay_misc_feat_rugged, minmay_misc_feat_square,
          uniq_robin
D:3:      layout_basic, minmay_bisected
D:4:      layout_basic, minmay_temple_entry_overgrown, serial_shops,
          nicolae_shop_tiny_statue_garden, nicolae_shop_clearance
D:5:      layout_gridville, zin_academy, portal_sewer_entry_a,
          grunt_ministairs_15
Temple:   eino_temple_scatter_basement

Skill      XL: |  1  2  3  4  5  6 |
---------------+-------------------+-----
Conjurations   | 2 3 4 |  4.5
Spellcasting   | 4 5 6 |  6.2
Fire Magic     | 4 |  4.5
Hexes          | 2 3 |  3.6
Dodging        | |  2.4
Stealth        | |  2.4

Action                     |  1- 3 |  4- 6 || total
---------------------------+-------+-------++-------
   Cast: Foxfire           |    50 |   107 ||   157
         Scorch            |     9 |    47 ||    56
         Fulminant Prism   |       |     1 ||     1
    Use: Scroll            |     2 |     1 ||     3
         Potion            |     1 |       ||     1
 Armour: Robe              |     2 |    17 ||    19
         Skin              |     9 |       ||     9
  Dodge: Dodged            |    11 |    55 ||    66
